 Dungeon Crawl Stone Soup version 0.32-a0-953-g508020473e (webtiles) character file.

Game seed: 17001877912615837608

63 runemasterragnar the Ruffian (level 4, 0/43 HPs)
             Began as an Octopode Shapeshifter on Apr 16, 2024.
             Slain by an orc priest
             ... wielding a +0 trident
              (2 damage)
             ... on level 2 of the Dungeon.
             The game lasted 00:01:08 (995 turns).

runemasterragnar the Ruffian (Octopode Shapeshifter) Turns: 995, Time: 00:01:08

Health: 0/43       AC: 22    Str: 15    XL:     4   Next: 10%
Magic:  4/4        EV:  2    Int: 12    God:
Gold:   48         SH:  0    Dex: 11    Spells: 3/3 levels left

rFire   . .          .
                       - Unarmed
rCold   . . .        (no shield)
rNeg    . . .        (helmet currently unavailable)
rPois   +            (no amulet)
rElec   .            (no ring)
rCorr   .            (no ring)
SInv    .            (no ring)
Will    .....        (no ring)
Stlth   ++           (no ring)
HPRegen 0.27/turn    (no ring)
MPRegen 0.09/turn    (no ring)
                     (no ring)

%: no passive effects
@: tree-form, held
A: stationary, stasis, torment immunity, boosted hp, almost no armour,
(amphibious), 8 rings, (camouflage 1), (gelatinous body 1), (nimble swimmer 1),
(tentacles)
a: Convert to Beogh


You were on level 2 of the Dungeon.
You were a tree.
You visited 1 branch of the dungeon, and saw 2 of its levels.

You collected 48 gold pieces.

Inventory:

Talismans
 b - a beast talisman (active)
 c - a flux talisman
Scrolls
 d - 2 scrolls of identify {unknown}
 f - a scroll of revelation {unknown}
 h - a scroll of teleportation {unknown}
 i - a scroll of immolation {unknown}


   Skills:
 * Level 2.1 Fighting
 + Level 2.4 Dodging
 + Level 1.7 Stealth
 * Level 3.5 Unarmed Combat
 + Level 3.2 Shapeshifting


You had 3 spell levels left.
You didn't know any spells.
Your spell library contained the following spells:

 Spells                   Type           Power      Damage    Failure   Level
 Ensorcelled Hibernation  Hex/Ice        0%         N/A       45%         2
 Passwall                 Erth           0%         N/A       69%         3
 Swiftness                Air            0%         N/A       69%         3


Dungeon Overview and Level Annotations

Branches:
Dungeon (2/15)

Altars:

Shops:
D:1 ?=


Innate Abilities, Weirdness & Mutations

You are a tree.
Your roots penetrate the ground, keeping you stationary.
You cannot be teleported.
You are immune to unholy pain and torment.
Your maximum health is greatly increased.
You cannot wear most types of armour.
((You are amphibious.))
You can wear up to eight rings at the same time.
((Your skin changes colour to match your surroundings (Stealth+).))
((Your rubbery body absorbs attacks. (AC +1, EV +1)))
((You are camouflaged when in or above water. (Stealth+)))
((You have tentacles for arms and can constrict up to eight enemies at once.))


Message History

You hit the hobgoblin.
You kill the hobgoblin!
The bat hits you but does no damage. The hobgoblin barely misses you.
The orc priest hits you but does no damage.
The orc priest shouts, "Surrender to Beogh and we'll let you live!"
The orc priest shouts, "The Pantheon deserves no one's loyalty.
Let us show you the true path!"
You smack the orc priest!
The orc priest is almost dead.
The hobgoblin hits you but does no damage.
The orc priest hits you but does no damage. x2
You closely miss the orc priest.
The orc priest is almost dead.
The hobgoblin hits you but does no damage.
The orc priest invokes the aid of Beogh against you.
Beogh smites you!
* * * LOW HITPOINT WARNING * * *
The orc priest hits you but does no damage.
The orc priest shouts, "Beogh offers mercy even to people such as you.
Join us and be reborn!"
You hit the orc priest.
You kill the orc priest!
The hobgoblin hits you but does no damage.
The orc priest hits you from afar with a +0 trident.
* * * LOW HITPOINT WARNING * * *
Your Fighting skill increases to level 2!
You have reached level 4!
It was a potion of magic.
Magic courses through your body.
The orc priest hits you from afar with a +0 trident.
* * * LOW HITPOINT WARNING * * *
The hobgoblin hits you but does no damage.
You barely miss the ribbon worm.
The ribbon worm expels a string of sticky webbing.
The stream of webbing hits you but does no damage.
You are caught in a web!
The orc priest completely misses you.
The hobgoblin hits you but does no damage.
The web tears apart.
The ribbon worm expels a string of sticky webbing.
The stream of webbing hits you but does no damage.
You are caught in a web!
The orc priest hits you from afar with a +0 trident.
You die...

### .. .###
###g..##..
###.♣wo.....
#........... ###
#.).#....#.. ..#
#########..##.##.#
..###.........$#
.# #
..##..#####$†.##
.. .....###
##....##. .......#
#......##.
...###..#
#.......##


You could see a ribbon worm (catching breath), an orc priest and a hobgoblin.

Vanquished Creatures
  An orc priest (D:2)
  A dart slug (D:2)
  3 ribbon worms (D:2)
  An orc (D:2)
  A ball python (D:1)
  A bat (D:2)
  4 endoplasms
  A giant cockroach (D:2)
  3 goblins
  2 hobgoblins (D:2)
  A kobold (D:2)
  2 quokkas
21 creatures vanquished.

Notes
Turn   | Place    | Note
-------+----------+-------------------------------------------
     0 | D:1      | runemasterragnar the Octopode Shapeshifter began the quest
                  | for the Orb.
     0 | D:1      | Reached XP level 1. HP: 13/13 MP: 1/1
   106 | D:1      | Found Borch's Jewellery Boutique.
   226 | D:1      | Reached XP level 2. HP: 11/18 MP: 2/2
   404 | D:1      | Found Ewnasesyc's Magic Scroll Shoppe.
   758 | D:2      | Reached skill level 1 in Stealth
   919 | D:2      | Reached XP level 3. HP: 24/24 MP: 3/3
   993 | D:2      | Reached XP level 4. HP: 7/29 MP: 4/4
   993 | D:2      | HP: 2/43 [orc priest/+0 trident (5)]
   995 | D:2      | Slain by an orc priest

Illustrated notes

Levels and vault maps discovered:
D:1:      sevenhm_arrival_forest_fort_small_5, layout_loops_ring, serial_shops,
          shop_fountains, nicolae_shop_gaudy_bauble
D:2:      layout_rooms, nrook_mini_backslash, serial_bayou_lake_a, uniq_terence

Skill      XL: |  1  2  3 |
---------------+----------+-----
Stealth        | 1 |  1.7
Fighting       | 2 |  2.1
Dodging        | |  2.4
Unarmed Combat | |  3.5
Shapeshifting  | |  3.2

Action                     |  1- 3 |  4- 6 || total
---------------------------+-------+-------++-------
  Melee: Unarmed           |    43 |     1 ||    44
         Constrict         |    12 |       ||    12
         Tentacles         |     7 |       ||     7
         Punch             |     1 |       ||     1
    Use: Potion            |     2 |     1 ||     3
   Stab: Sleeping          |     4 |       ||     4
 Armour: Skin              |    31 |     4 ||    35
  Dodge: Dodged            |    19 |     1 ||    20

Table legend: (Time is in decaauts)
 A = Elapsed time spent in this place.
 B = Non-inter-level travel time spent in this place.
 C = Inter-level travel time spent in this place.
 D = Time resting spent in this place.
 E = Time spent auto-exploring this place.
 F = Levels seen in this place.
 G = Mean time per level.
                   A        B        C        D        E       F      G
               +--------+--------+--------+--------+--------+-----+--------+
         Total |    992 |    958 |     34 |     30 |    793 |   2 |  496.0 |
       Dungeon |    992 |    958 |     34 |     30 |    793 |   2 |  496.0 |
               +--------+--------+--------+--------+--------+-----+--------+

Top non-repeatable levels by time:
     D:1: 749 daAuts
     D:2: 243 daAuts
